 Dungeon Crawl Stone Soup version 0.31.0-11-ge490571c62 (webtiles) character file.

Game seed: 3447299773644466983

39 Aviak the Magician (level 3, 24/24 HPs)
             Began as a Demonspawn Hedge Wizard on Jan 26, 2024.
             Was a Follower of Fedhas.
             Quit the game on level 2 of the Dungeon.
             The game lasted 00:03:08 (1497 turns).

Aviak the Magician (Demonspawn Hedge Wizard)        Turns: 1497, Time: 00:03:08

Health: 24/24      AC:  3    Str: 10    XL:     3   Next: 28%
Magic:  4/7        EV: 11    Int: 16    God:    Fedhas [*.....]
Gold:   98         SH:  0    Dex: 12    Spells: 5/8 levels left

rFire   . . .        f - +0 short sword
rCold   . . .        (no shield)
rNeg    . . .        g - +0 leather armour
rPois   .            c - +0 hat
rElec   .            (no cloak)
rCorr   .            (no gloves)
SInv    .            (no boots)
Will    .....        (no amulet)
Stlth   ++           (no ring)
HPRegen 0.24/turn    (no ring)
MPRegen 0.10/turn

%: no passive effects
@: no status effects
A: claws 1, powered by pain 1
a: Renounce Religion


You were on level 2 of the Dungeon.
You worshipped Fedhas.
Fedhas was aware of your devotion.
You visited 1 branch of the dungeon, and saw 2 of its levels.

You collected 98 gold pieces.

Inventory:

Hand Weapons
 a - a +0 dagger
 f - a +0 short sword (weapon)
Missiles
 j - a throwing net {!f}
Armour
 b - a +0 robe
 c - a +0 hat (worn)
 g - a +0 leather armour (worn)
Talismans
 h - a flux talisman
Scrolls
 i - a scroll of fog {unknown}
 k - a scroll of identify {unknown}
 n - a scroll of enchant armour {unknown}
Potions
 d - a potion of magic
 e - a potion of heal wounds {unknown}
 l - a potion of berserk rage {unknown}
 m - a potion of lignification {unknown}


   Skills:
 + Level 2.2 Dodging
 - Level 1.7 Stealth
 + Level 3.3 Spellcasting
 + Level 1.7 Conjurations
 + Level 1.8 Summonings
 - Level 0.8 Translocations


You had 5 spell levels left.
You knew the following spells:

 Your Spells              Type           Power      Damage    Failure   Level
a - Magic Dart            Conj           32%        1d4       12%         1
b - Call Imp              Summ           16%        N/A       19%         2

Your spell library contained the following spells:

 Spells                   Type           Power      Damage    Failure   Level
 Slow                     Hex            8%         N/A       26%         1
 Blink                    Tloc           10%        N/A       26%         2
 Cigotuvi's Dreadful Rot  Necr/Alch/Air  4%         N/A       36%         2
 Mephitic Cloud           Conj/Alch/Air  4%         N/A       50%         3


Dungeon Overview and Level Annotations

Branches:
Dungeon (2/15)

Altars:
Fedhas


Innate Abilities, Weirdness & Mutations

You have sharp fingernails.
You sometimes gain a little power by taking damage.


Message History

The giant cockroach bites you.
The magic dart hits the giant cockroach.
You kill the giant cockroach!
You can't see any susceptible monsters within range! (Use Z to cast anyway.)
A rat comes into view.
A rat is nearby!
The rat barely misses you.
The magic dart hits the rat.
You kill the rat!
You can't see any susceptible monsters within range! (Use Z to cast anyway.)
You see here a rat corpse.
Found a faded altar of an unknown god.
Found a stone staircase leading up.
Found 6 atropa-tipped darts.
You now have 86 gold pieces (gained 15).
A kobold comes into view. It is wielding a +0 short sword.
You see here 12 gold pieces.
The magic dart hits the kobold.
You kill the kobold!
You can't see any susceptible monsters within range! (Use Z to cast anyway.)
You now have 98 gold pieces (gained 12).
A ball python comes into view.
You miscast Magic Dart.
You are very lightly contaminated with residual magic.
Nothing appears to happen.
The magic dart hits the ball python.
The ball python is moderately wounded.
The ball python hisses angrily.
The magic dart hits the ball python.
You kill the ball python!
You can't see any susceptible monsters within range! (Use Z to cast anyway.)
You see here 6 atropa-tipped darts.
Your magical contamination has completely faded away.
Things that are here:
a +0 short sword; 3 stones
There is a faded altar of an unknown god here.
This altar belongs to (a) Fedhas, (b) Jiyva or (c) Qazlal, but you can't tell which.
Press the corresponding letter to learn more about a god, or press enter to convert or escape to cancel.
Fedhas accepts your prayer! Fedhas welcomes you!
The plants of the dungeon cease their hostilities.
Are you sure you want to abandon this character and quit the game? (Confirm with "yes".)

.#
..<.....#..###.###..#
.. ...........###.#
.. # ..#.....#.##.#
#.#.##.###.#
#.#.##.###.#
#..........# #
#.#.#..##### #.
#.#.#...#
#..#.#.#.@^#####
#?...(..)........
#.##.........#### #
###.##......# .#
...#...#.#.# .#
......#....... .#
######...#..... )#
##......# .# #.####.#


There were no monsters in sight!

Vanquished Creatures
  An adder (D:2)
  A dart slug (D:2)
  5 ball pythons
  3 endoplasms
  3 giant cockroaches
  2 goblins
  2 hobgoblins
  2 jackals
  A quokka (D:1)
  2 frilled lizards (D:1)
  3 kobolds
  3 rats
28 creatures vanquished.

Notes
Turn   | Place    | Note
-------+----------+-------------------------------------------
     0 | D:1      | Aviak the Demonspawn Hedge Wizard began the quest for the
                  | Orb.
     0 | D:1      | Reached XP level 1. HP: 13/13 MP: 4/4
   208 | D:1      | Gained mutation: You have sharp fingernails. [demonic
                  | ancestry]
   208 | D:1      | Reached XP level 2. HP: 19/19 MP: 0/6
   576 | D:1      | Learned a level 2 spell: Call Imp
   709 | D:2      | Found Weizakk's Antique Weapon Boutique.
   919 | D:1      | Gained mutation: You sometimes gain a little power by
                  | taking damage. [demonic ancestry]
   919 | D:1      | Reached XP level 3. HP: 10/24 MP: 0/7
  1461 | D:2      | Found a faded altar of an unknown god.
  1496 | D:2      | Prayed at the altar of an unknown god.
  1496 | D:2      | Became a worshipper of Fedhas Madash
  1496 | D:2      | Reached * piety under Fedhas
  1497 | D:2      | Quit the game

Illustrated notes

Levels and vault maps discovered:
D:1:      dpeg_arrival_radiant, layout_basic
D:2:      layout_loops_ring, serial_shops, nicolae_shop_advertising_works
          [nicolae_subvault_shop_adworks], ebering_ecumenical_altar_webs,
          minmay_misc_feat_tiny

Skill      XL: |  1 |
---------------+----+-----
Dodging        | 2 |  2.2
Stealth        | |  1.7
Spellcasting   | |  3.3
Conjurations   | |  1.7
Summonings     | |  1.8
Translocations | |  0.8

Action                     || total
---------------------------++-------
  Melee: Dagger            ||     5
         Short sword       ||    33
   Cast: Magic Dart        ||    62
   Stab: Sleeping          ||     1
 Armour: Robe              ||     4
         Leather armour    ||    39
  Dodge: Dodged            ||    42
